 Dungeon Crawl Stone Soup version 0.31-a0-202-g547052bce9 (webtiles) character file.

Game seed: 1229698834040961153

28832 drugrobin the Spear-Bearer (level 12, -7/117 HPs)
             Began as a Demigod Delver on June 26, 2023.
             Mangled by a skyshark (11 damage)
             ... on level 3 of the Lair of Beasts.
             The game lasted 00:57:30 (15364 turns).

drugrobin the Spear-Bearer (Demigod Delver)        Turns: 15364, Time: 00:57:32

Health: -7/117     AC:  8    Str: 36    XL:     12   Next: 79%
Magic:  23/23      EV: 13    Int: 20    God:
Gold:   347        SH:  6    Dex: 18    Spells: 21/21 levels left

rFire   . . .        a - +5 trident of True Grit {freeze, Str+6}
rCold   + . .        G - +2 buckler
rNeg    . . .        d - +1 leather armour of Mumblety Peg {rC+ Regen+ Str+3}
rPois   .            (no helmet)
rElec   .            K - +0 cloak
rCorr   .            y - +0 pair of gloves "Ruatt" {Dex+3}
SInv    .            m - +1 pair of boots
Will    ++...        R - amulet of magic regeneration
Stlth   +++          U - ring of willpower
HPRegen 1.19/turn    q - +6 ring of strength
MPRegen 0.58/turn

%: no passive effects
@: hasted, very quick
A: high MP 1, forlorn, divine attributes
a: no special abilities


You were on level 3 of the Lair of Beasts.
You visited 2 branches of the dungeon, and saw 13 of its levels.
You also visited: Sewer and Bailey.

You collected 1020 gold pieces.
You spent 673 gold pieces at shops.

Inventory:

Hand Weapons
 a - the +5 trident of True Grit (weapon) {freeze, Str+6}
   (You took it off a spriggan on level 1 of the Lair of Beasts)

   Str:       It affects your strength (+6).
 b - a +1 trident of venom
 c - a +0 sling
 n - a +0 halberd
 L - a +3 spear of freezing
 V - a +4 trident
Missiles
 e - 26 poisoned darts
 A - 2 throwing nets
 I - 14 boomerangs (quivered)
Armour
 d - the +1 leather armour of Mumblety Peg (worn) {rC+ Regen+ Str+3}
   (You took it off an orc on level 4 of the Dungeon)

   Str:       It affects your strength (+3).
   rC:        It protects you from cold.
   Regen:     It increases your rate of health regeneration.
 m - a +1 pair of boots (worn)
 y - the +0 pair of gloves "Ruatt" (worn) {Dex+3}
   (You found it on level 3 of the Dungeon)

   Dex:       It affects your dexterity (+3).
 G - a +2 buckler (worn)
 K - a +0 cloak (worn)
 P - the +0 ice dragon scales "Kesteg" {rElec rF- rC++ Str-2 Dex-5 SInv}
   (You found it in a bailey)

   Str:       It affects your strength (-2).
   Dex:       It affects your dexterity (-5).
   rF:        It makes you vulnerable to fire.
   rC:        It greatly protects you from cold.
   rElec:     It insulates you from electricity.
   SInv:      It lets you see invisible.
 S - the +2 scale mail of Foci Dak {Harm Fly rF++}
   (You found it on level 7 of the Dungeon)

   rF:        It greatly protects you from fire.
   Fly:       It grants you flight.
   Harm:      It increases damage dealt and taken.
Magical Staves
 z - a staff of poison
Jewellery
 q - a +6 ring of strength (right hand)
 H - a ring of poison resistance
 R - an amulet of magic regeneration (around neck)
 U - a ring of willpower (left hand)
Wands
 g - a wand of digging (10)
 r - a wand of iceblast (19)
 v - a wand of flame (11)
Scrolls
 h - 3 scrolls of enchant weapon
 j - 4 scrolls of revelation
 l - 5 scrolls of teleportation
 s - 2 scrolls of amnesia
 w - 4 scrolls of fog
 x - 2 scrolls of enchant armour
 C - a scroll of poison
 F - 2 scrolls of fear
 N - a scroll of blinking
 Q - 2 scrolls of summoning
 T - a scroll of immolation
 W - a scroll of identify
Potions
 f - 2 potions of haste
 i - 2 potions of heal wounds
 k - 6 potions of might
 o - 3 potions of attraction
 p - 2 potions of cancellation
 t - a potion of experience
 u - a potion of ambrosia {unknown}
 B - 8 potions of curing
 D - a potion of mutation {unknown}
 E - 3 potions of lignification
 J - 3 potions of berserk rage
 M - a potion of invisibility
 O - a potion of resistance {unknown}
 X - a potion of enlightenment {unknown}


   Skills:
 - Level 14.0 Fighting
 - Level 14.0 Polearms
 + Level 4.2 Dodging
 - Level 4.5 Stealth
 - Level 5.0 Spellcasting


You had 21 spell levels left.
You didn't know any spells.
Your spell library contained the following spells:

 Spells                   Type           Power      Damage    Failure   Level
 Slow                     Hex            20%        N/A       14%         1
 Ensorcelled Hibernation  Hex/Ice        10%        N/A       22%         2
 Static Discharge         Conj/Air       10%        2-3/arc   22%         2
 Confusing Touch          Hex            5%         N/A       41%         3
 Dazzling Flash           Conj/Hex       10%        N/A       41%         3
 Spider Form              Tmut/Pois      5%         N/A       41%         3
 Vampiric Draining        Necr           5%         2d6       41%         3
 Vhi's Electric Charge    Tloc/Air       10%        N/A       41%         3
 Volatile Blastmotes      Fire/Tloc      10%        2d10      41%         3
 Airstrike                Air            2%         2d(1-17)  82%         4
 Anguish                  Hex/Necr       2%         N/A       82%         4
 Iskenderun's Mystic Bla  Conj/Tloc      5%         2d3       82%         4
 Olgreb's Toxic Radiance  Pois           5%         N/A       82%         4
 Summon Lightning Spire   Summ/Air       5%         N/A       82%         4
 Agony                    Necr           5%         N/A       99%         5
 Arcjolt                  Conj/Air       2%         1d12      99%         5
 Silence                  Hex/Air        2%         N/A       99%         5
 Starburst                Conj/Fire      2%         6d3       100%        6
 Discord                  Hex            2%         N/A       100%        8
 Ignition                 Fire           2%         3d3       100%        8
 Maxwell's Capacitive Co  Air            2%         ∞         100%        8


Dungeon Overview and Level Annotations

Branches:
Dungeon (10/15)            Temple (0/1) D:7            Lair (3/5) D:8
  Swamp (0/4) Lair:2       Spider (0/4) Lair:2        Sewer (visited)
 Bailey (visited)
    Orc: D:9-12

Shops:
D:2 [   D:8 (**?

Annotations:
D:7 exclusion: upstairs
D:10 Erolcha, Harold
Lair:2 2 transporters


Innate Abilities, Weirdness & Mutations

You have an increased reservoir of magic. (+10% MP)
You shall have no god before yourself.
Your divine heritage dramatically boosts your attributes as you level up.


Message History

Unknown command.
Unknown command.
Unknown command.
You hit the skyshark. You freeze the skyshark.
The skyshark is moderately wounded.
The wolf bites you! The skyshark bites you!!
* * * LOW HITPOINT WARNING * * *
The skyshark tail-slaps you.
* * * LOW HITPOINT WARNING * * *
The skyshark tail-slaps you but does no damage.
You hear a howl!
Unknown command.
Unknown command.
Blink to where?
Press: ? - help, Dir - move target, p - wolf A water moccasin comes into view.
As you read the scroll of blinking, it crumbles to dust.
Unknown command.
Unknown command.
You feel yourself speed up.
Okay, then.
The skyshark closely misses you. The skyshark tail-slaps you.
* * * LOW HITPOINT WARNING * * *
The skyshark tail-slaps you but does no damage.
Unknown command.
Unknown command.
Unknown command.
Unknown command.
Unknown command.
Unknown command.
Unknown command.
Unknown command.
The skyshark attacks as you move away! The skyshark bites you!
* * * LOW HITPOINT WARNING * * *
The skyshark tail-slaps you.
* * * LOW HITPOINT WARNING * * *
The skyshark tail-slaps you!
* * * LOW HITPOINT WARNING * * *
The skyshark barely misses you. The skyshark tail-slaps you!
You die...

##........#
##
#P........#
#........##
##.........##
#...hS......#
##..h.......#
#.........##
#..l.......#
##..@......##
#...<......P#
##.........##
#.........#
#.........#
#.>.......#
...........#
#############


You could see a skyshark (berserk), a water moccasin and 2 wolves.

Vanquished Creatures
  2 hydras
  The ghost of pajopajo the Covert, a journeyman OpBr of Okawaru (Lair:1)
  A boulder beetle (D:7)
  2 bog bodies (Lair:2)
  A deep elf pyromancer (Bailey)
  An orc knight (Bailey)
  2 ugly things (D:7)
  3 black mambas
  An unseen horror (D:10)
  Psyche (D:10)
  5 cane toads
  4 komodo dragons
  A kobold demonologist (D:7)
  The ghost of fecund the Sneak, a novice VSBr (D:4)
  2 trolls (D:9)
  A meliai (Lair:2)
  A polar bear (Lair:1)
  10 blink frogs (Lair:2)
  Prince Ribbit (D:6)
  A hornet (D:7)
  7 dream sheep (Lair:2)
  2 spriggans (Lair:1)
  21 yaks
  A wraith (D:9)
  A wyvern (Lair:2)
  A shadow (D:10)
  3 basilisks
  A vampire mosquito (D:7)
  2 steam dragons
  5 acid dragons
  6 water moccasins
  10 orc warriors
  3 sky beasts
  3 black bears
  4 ice beasts
  2 ogres
  8 wolves
  6 centaurs
  2 phantoms
  11 bullfrogs
  3 kobold brigands
  3 gnoll sergeants
  8 scorpions
  11 wights
  54 killer bees
  3 electric eels (Lair:2)
  6 howler monkeys
  7 hounds
  A jelly (D:4)
  3 orc priests
  Crazy Yiuf (D:6)
  3 gnoll boudas
  3 sleepcaps
  7 iguanas
  11 orc wizards
  4 gnolls
  11 adders
  4 shadow imps
  A white imp (D:5)
  An ufetubus (D:7)
  4 worms
  3 dart slugs
  40 orcs
  12 endoplasms
  4 giant cockroaches
  13 goblins
  10 hobgoblins
  4 jackals (D:4)
  4 quokkas
  8 ball pythons
  6 bats
  A frilled lizard (D:2)
  10 kobolds
  7 rats
412 creatures vanquished.

Notes
Turn   | Place    | Note
-------+----------+-------------------------------------------
     0 | D:5      | drugrobin the Demigod Delver began the quest for the Orb.
     0 | D:5      | Reached XP level 1. HP: 18/18 MP: 3/3
    62 | D:5      | Noticed a hound
   138 | D:5      | Noticed an ice beast
   177 | D:5      | Noticed an orc wizard
   199 | D:5      | Noticed a black bear
   277 | D:5      | Found a glowing drain.
   283 | Sewer    | Entered a sewer
   368 | Sewer    | Reached XP level 2. HP: 22/25 MP: 4/4
   526 | Sewer    | Reached XP level 3. HP: 29/30 MP: 5/5
   878 | D:4      | Reached XP level 4. HP: 22/37 MP: 6/6
  1054 | D:4      | Reached XP level 5. HP: 11/42 MP: 7/7
  1058 | D:4      | Reached skill level 5 in Polearms
  1340 | D:5      | Noticed an air elemental
  1349 | D:5      | Noticed a water elemental
  1426 | D:4      | Found a large runed translucent door.
  1429 | D:4      | Found a large runed translucent door.
  1450 | D:4      | Noticed fecund's ghost (novice VSBr)
  1509 | D:4      | Identified the +1 pair of gloves of Temperance {Harm}
  1665 | D:4      | Reached XP level 6. HP: 23/50 MP: 8/8
  2232 | D:3      | Identified the +0 pair of gloves "Ruatt" {Dex+3}
  3661 | D:2      | Found Dyzxenoi's Armour Shop.
  4933 | D:5      | Noticed a water moccasin
  4936 | D:5      | Killed a water moccasin
  4937 | D:5      | Reached XP level 7. HP: 16/56 MP: 9/9
  4950 | D:4      | Identified the +1 leather armour of Mumblety Peg {rC+
                  | Regen+ Str+3}
  5343 | D:4      | Killed fecund's ghost
  5435 | D:5      | Noticed a fire elemental
  5501 | D:5      | Reached XP level 8. HP: 48/62 MP: 10/10
  6019 | D:5      | Reached skill level 10 in Polearms
  6725 | D:6      | HP: 1/62 [orc warrior/+0 scimitar (10)]
  6837 | D:6      | Reached XP level 9. HP: 68/68 MP: 11/11
  7205 | D:6      | Noticed Prince Ribbit
  7246 | D:6      | Killed Prince Ribbit
  7332 | D:6      | Found a runed translucent door.
  7333 | D:6      | Noticed Crazy Yiuf
  7437 | D:6      | Killed Crazy Yiuf
  7756 | D:7      | Noticed a two-headed ogre
  7839 | D:7      | Found a staircase to the Ecumenical Temple.
  8151 | D:7      | Noticed a kobold demonologist
  8177 | D:7      | Killed a kobold demonologist
  8336 | D:7      | Noticed a green ugly thing
  8349 | D:7      | Reached XP level 10. HP: 74/74 MP: 13/13
  8360 | D:7      | Killed a green ugly thing
  8604 | D:7      | Noticed a boulder beetle
  8622 | D:8      | Found Nimis's Weapon Shoppe.
  8658 | D:8      | Bought a +1 trident of venom for 156 gold pieces
  8794 | D:8      | Reached skill level 5 in Fighting
  8897 | D:8      | Found a staircase to the Lair.
  9179 | D:8      | Found Peffiu's Assorted Antiques.
  9183 | D:8      | Bought a scroll labelled GOIZAMNICAN for 29 gold pieces
  9183 | D:8      | Bought a scroll of identify for 58 gold pieces
  9183 | D:8      | Bought a scroll of identify for 58 gold pieces
  9183 | D:8      | Bought a potion of curing for 87 gold pieces
  9281 | D:8      | Found Itiz's General Store.
  9288 | D:8      | Bought a scroll of teleportation for 33 gold pieces
  9288 | D:8      | Bought a scroll of identify for 22 gold pieces
  9288 | D:8      | Bought a potion of berserk rage for 55 gold pieces
  9504 | D:8      | Found Wuemazoa's Magic Scroll Boutique.
 10611 | D:7      | Killed a boulder beetle
 10612 | D:7      | Reached XP level 11. HP: 95/95 MP: 14/14
 10707 | D:7      | Identified the +2 scale mail of Foci Dak {Harm Fly rF++}
 11290 | D:8      | Bought a scroll of blinking for 97 gold pieces
 11290 | D:8      | Bought a scroll of immolation for 52 gold pieces
 11290 | D:8      | Bought a scroll of identify for 26 gold pieces
 11346 | D:10     | Entered Level 10 of the Dungeon
 11459 | D:10     | Reached skill level 1 in Spellcasting
 11515 | D:10     | Found a flagged portal.
 11560 | Bailey   | Entered a bailey
 11790 | Bailey   | Reached skill level 10 in Fighting
 11819 | Bailey   | Noticed an orc knight
 11836 | Bailey   | Killed an orc knight
 11914 | Bailey   | Found a large runed translucent door.
 11914 | Bailey   | Found a large runed translucent door.
 11915 | Bailey   | Noticed a deep elf pyromancer
 11964 | Bailey   | Killed a deep elf pyromancer
 11978 | Bailey   | Identified the +0 ice dragon scales "Kesteg" {rElec rF-
                  | rC++ Str-2 Dex-5 SInv}
 12185 | D:10     | Noticed Psyche
 12190 | D:10     | Killed Psyche
 12196 | D:10     | Noticed Harold
 12430 | D:10     | Noticed Erolcha
 12748 | Lair:1   | Entered Level 1 of the Lair of Beasts
 12756 | Lair:1   | Found a runed translucent door.
 12757 | Lair:1   | Identified the +5 trident of True Grit {freeze, Str+6}
 12761 | Lair:1   | Noticed pajopajo's ghost (journeyman OpBr)
 13286 | Lair:1   | Reached skill level 5 in Spellcasting
 13573 | Lair:1   | Reached XP level 12. HP: 108/110 MP: 23/23
 13618 | Lair:1   | You fall into a shaft and drop 1 floor!
 14274 | Lair:1   | Killed pajopajo's ghost
 14478 | Lair:2   | Found a hole to the Spider Nest.
 14846 | Lair:2   | Found a staircase to the Swamp.
 14847 | Lair:2   | Noticed a seven-headed hydra
 14915 | Lair:2   | Found a transporter.
 14915 | Lair:2   | Noticed a boulder beetle
 14916 | Lair:2   | Found a transporter.
 14916 | Lair:2   | Noticed a boulder beetle
 14954 | Lair:2   | Killed a seven-headed hydra
 15273 | Lair:3   | Noticed a six-headed hydra
 15319 | Lair:3   | Killed a six-headed hydra
 15364 | Lair:3   | HP: 3/117 [skyshark (7)]
 15364 | Lair:3   | Mangled by a skyshark

Illustrated notes

Levels and vault maps discovered:
D:1:      reono_arrival_mine, layout_basic
D:2:      layout_loops_ring, serial_shops, shop, serial_bayou_pond_c,
          kennysheep_big_empty_room, nicolae_elevator_lobby_plus
D:3:      layout_basic, mainiacjoe_overflow_tiny_flanked, vehumet_altar_wand_db,
          shapermc_ecumenical_altar_gd, minmay_misc_feat_tower,
          kennysheep_another_room
D:4:      layout_gridville, lemuel_tele_altar, ebering_ghost_disaster_area,
          hangedman_minor_gate_pass
D:5:      layout_layer_cave, nicolae_qazlal_style_of_elements,
          gup_sewer_entry_bubbles, nzn_random_ring
D:6:      layout_rooms, nicolae_overflow_crystal_walls, kennysheep_mini_moat,
          mainiacjoe_overflow_concentric_impassable, uniq_prince_ribbit1,
          uniq_crazy_yiuf_cottage
D:7:      nzn_winding_woodlands_stair_cross [nzn_winding_woodlands_5x15_jagged,
          nzn_winding_woodlands_center_pierced_h,
          nzn_winding_woodlands_5x15_pool,
          nzn_winding_woodlands_5x5_checkerboard,
          nzn_winding_woodlands_5x5_cross,
          nzn_winding_woodlands_5x15_concentric,
          nzn_winding_woodlands_center_lodge,
          nzn_winding_woodlands_5x15_sawtooth], layout_basic,
          mainiacjoe_overflow_chevrons, general_overflow_altar,
          nicolae_dithmenos_through_a_glass_darkly,
          nicolae_gozag_cash_rules_everything_around_me,
          minmay_temple_entry_junction, minmay_misc_feat_alley
D:8:      layout_cave_pods, mainiacjoe_overflow_boulevard, lair_entry_dummy,
          serial_shops, nicolae_shop_back_alley_shop,
          nicolae_shop_window_shopping, shop_coins, shop
D:9:      layout_loops_cross, nemelex_xobeh_ov_fountains_minmay
D:10:     layout_rooms, mainiacjoe_overflow_brackets, fedhas_altar_4,
          enter_bailey_5, uniq_erolcha, uniq_harold, uniq_psyche
Lair:1:   wad_woods_minihive, layout_small_grid, ebering_ghost_funeral_grove,
          serial_rivers, chequers_serial_rivers_micro_b,
          chequers_serial_rivers_marsh, chequers_serial_rivers_micro_e,
          chequers_serial_rivers_micro_d, chequers_serial_rivers_large_b
Lair:2:   gammafunk_boulding_lane, layout_gridlike, skrybe_swamp_entry_bodies,
          hellmonk_spider_entry_not_the_bees, disabler_island,
          infiniplex_staircase_pool
Lair:3:   layout_hall_layers, cheibrodos_lair_lostbears

Skill      XL: |  1  2  3  4  5  6  7  8  9 10 11 12 |
---------------+-------------------------------------+-----
Polearms       | 2 3 4 6 7 9 11 13 14 | 14.0
Fighting       | 8 11 14 | 14.0
Spellcasting   | 5 |  5.0
Dodging        | 4 |  4.2
Stealth        | |  4.5

Action                     |  1- 3 |  4- 6 |  7- 9 | 10-12 || total
---------------------------+-------+-------+-------+-------++-------
  Melee: Spear             |    97 |   155 |    74 |       ||   326
         Punch             |     2 |     2 |     2 |       ||     6
         Short sword       |    19 |   101 |       |       ||   120
         Dagger            |       |    75 |    15 |     6 ||    96
         Trident           |       |       |   406 |   979 ||  1385
   Fire: Sling             |       |       |     3 |       ||     3
  Throw: Dart              |     6 |     9 |    11 |       ||    26
         Boomerang         |       |       |    12 |    56 ||    68
         Throwing net      |       |       |       |     1 ||     1
  Evoke: Wand              |       |     3 |    10 |     6 ||    19
    Use: Scroll            |     1 |       |     5 |    12 ||    18
         Potion            |       |       |     1 |     2 ||     3
   Stab: Distracted        |     1 |       |     1 |     3 ||     5
         Sleeping          |     2 |       |     8 |    10 ||    20
         Held in net/web   |       |       |       |     1 ||     1
 Armour: Leather armour    |    10 |    12 |    88 |   165 ||   275
         Chain mail        |       |   123 |    22 |       ||   145
         Ice dragon scales |       |       |       |     1 ||     1
  Dodge: Dodged            |    45 |   123 |   180 |   331 ||   679
  Block: Buckler           |       |       |    65 |   182 ||   247

Table legend: (Time is in decaauts)
 A = Elapsed time spent in this place.
 B = Non-inter-level travel time spent in this place.
 C = Inter-level travel time spent in this place.
 D = Time resting spent in this place.
 E = Time spent auto-exploring this place.
 F = Levels seen in this place.
 G = Mean time per level.
                   A        B        C        D        E       F      G
               +--------+--------+--------+--------+--------+-----+--------+
         Total |  15029 |  14244 |    785 |   1243 |   8269 |  15 | 1001.9 |
       Dungeon |  11563 |  10849 |    714 |   1090 |   6421 |  10 | 1156.3 |
          Lair |   2505 |   2435 |     70 |    133 |   1484 |   3 |  835.0 |
         Sewer |    475 |    475 |      0 |     20 |    161 |   1 |  475.0 |
        Bailey |    484 |    484 |      0 |      0 |    201 |   1 |  484.0 |
               +--------+--------+--------+--------+--------+-----+--------+

Top non-repeatable levels by time:
     D:4: 1850 daAuts
     D:7: 1692 daAuts
     D:5: 1642 daAuts
  Lair:1: 1387 daAuts
     D:8: 1103 daAuts
  Lair:2: 1002 daAuts
     D:1: 991 daAuts
     D:3: 951 daAuts
     D:9: 927 daAuts
     D:6: 916 daAuts
    D:10: 774 daAuts
     D:2: 712 daAuts
  Bailey: 484 daAuts
   Sewer: 475 daAuts
  Lair:3: 116 daAuts
